 Dungeon Crawl Stone Soup version 0.22-a0-223-g0f5d773 (webtiles) character file.

11 4thArraOfDagon the Vexing (level 2, -1/19 HPs)
             Began as an Octopode Arcane Marksman on Feb 18, 2018.
             Slain by an adder (4 damage)
             ... on level 3 of the Dungeon.
             The game lasted 00:00:49 (218 turns).

4thArraOfDagon the Vexing (Octopode Arcane Marksman) Turns: 218, Time: 00:00:50

Health: -1/19      AC:  1    Str:  9    XL:     2   Next: 29%
Magic:  3/3        EV: 13    Int: 15    God:
Gold:   0          SH:  0    Dex: 12    Spells: 2/3 levels left

rFire    . . .     SeeInvis .   (no weapon)
rCold    . . .     Gourm    .   (no shield)
rNeg     . . .     Faith    .   (helmet restricted)
rPois    .         Spirit   .   (no amulet)
rElec    .         Reflect  .   (no ring)
rCorr    .         Harm     .   (no ring)
MR       .....                  (no ring)
Stlth    ++........             (no ring)
HPRegen  0.06/turn              (no ring)
MPRegen  0.08/turn              (no ring)
                                (no ring)
                                (no ring)

@: lethally poisoned (-1 -> -4), flying
A: almost no armour, stealthy swim, amphibious, 8 rings, constrict 8, camouflage
1, gelatinous body 1
a: no special abilities


You were on level 3 of the Dungeon.
You were not hungry.

You visited 1 branch of the dungeon, and saw 3 of its levels.

Inventory:

Missiles
 b - 5 javelins (quivered)
 c - 2 throwing nets
Comestibles
 a - a ration


   Skills:
 + Level 2.2 Fighting
 - Level 2.0 Throwing
 - Level 2.0 Dodging
 - Level 1.0 Spellcasting
 - Level 3.0 Hexes


You had 2 spell levels left.
You knew the following spells:

 Your Spells              Type           Power        Failure   Level  Hunger
a - Corona                Hex            #......      7%          1    ##.....


Dungeon Overview and Level Annotations

Branches:
Dungeon (3/15)

Altars:


Innate Abilities, Weirdness & Mutations

You cannot wear most types of armour.
You are very stealthy in the water. (Stealth+)
You are amphibious.
You can wear up to eight rings at the same time.
You can use your tentacles to constrict eight enemies at once.
Your skin changes colour to match your surroundings (Stealth+).
Your rubbery body absorbs attacks. (AC +1, EV +1)


Message History

The adder is heavily wounded.
The adder bites you. x2
* * * LOW HITPOINT WARNING * * *
Unknown command.
Unknown command.
It was a potion of flight.
You feel very buoyant.
You fly up into the air.
The orc closely misses you. The adder closely misses you.
Unknown command.
The orc closely misses you.
Unknown command.
* * * LOW HITPOINT WARNING * * *
You feel sick. The adder completely misses you.
Unknown command.
Unknown command.
The orc barely misses you.
Unknown command.
The adder bites you.
You die...

..#.#####.#.#
#..[# ###.#
#...#.# #...#
# ..).#
#.###.#
##...##.#
##### #.....#
#....'<.# #
#######
#....##.# #
#....##.#
#o........
#S######..
#@# ###


You could see an adder and an orc.

Vanquished Creatures
  A worm (D:3)
  A dart slug (D:3)
  A leopard gecko (D:1)
  2 hobgoblins (D:3)
  A ball python (D:2)
6 creatures vanquished.

Notes
Turn   | Place    | Note
-------+----------+-------------------------------------------
     0 | D:1      | 4thArraOfDagon the Octopode Arcane Marksman began the quest for the Orb.
     0 | D:1      | Reached XP level 1. HP: 13/13 MP: 2/2
   131 | D:3      | Reached XP level 2. HP: 13/19 MP: 3/3
   218 | D:3      | Slain by an adder

Vault maps used:
D:1:      minmay_arrival_jagged
D:2:      grunt_gozag_breadcrumbs, uniq_jessica
D:3:      dk_vineyard_2, grunt_decor_arrowhead, st_stairs_5

Skill      XL: |  1 |
---------------+----+-----
Fighting       | 2 |  2.2
Throwing       | |  2.0
Dodging        | |  2.0
Spellcasting   | |  1.0
Hexes          | |  3.0

Action                   || total
-------------------------++-------
Melee: Unarmed           ||    16
       Constrict         ||     3
       Tentacles         ||     1
Throw: Javelin           ||     7
  Use: Potion            ||     1
 Stab: Sleeping          ||     1
Armor: Skin              ||     2
Dodge: Dodged            ||    12

Table legend:
 A = Spawn XP
 B = Non-spawn XP
 C = Spawn XP percentage of total XP
 D = Spawn monster count
 E = Non-spawn monster count
 F = Spawn count percentage of total count
 G = Total turns spent on level
                    A         B        C        D         E        F      G
               +---------+---------+-------+---------+---------+-------+---------
         Total |       0 |      17 |   0.0 |       0 |       6 |   0.0 |   218
               +---------+---------+-------+---------+---------+-------+---------
           D:1 |       0 |       3 |   0.0 |       0 |       1 |   0.0 |    85
           D:2 |       0 |       1 |   0.0 |       0 |       1 |   0.0 |    33
           D:3 |       0 |      13 |   0.0 |       0 |       4 |   0.0 |   100
               +---------+---------+-------+---------+---------+-------+---------
